 Dungeon Crawl Stone Soup version 0.30-b1-2-g02819fbbbe (webtiles) character file.

Game seed: 14310661934762065339

1 Alarkh the Vexing (level 1, 0/15 HPs)
             Began as a Demonspawn Hexslinger on July 7, 2023.
             Slain by a quokka (1 damage)
             ... on level 1 of the Dungeon.
             The game lasted 00:00:08 (56 turns).

Alarkh the Vexing (Demonspawn Hexslinger)             Turns: 56, Time: 00:00:08

Health: 0/15       AC:  2    Str: 10    XL:     1   Next: 16%
Magic:  2/2        EV: 12    Int: 14    God:
Gold:   8          SH:  0    Dex: 13    Spells: 1/2 levels left

rFire   . . .        a - +1 sling
rCold   . . .        (no shield)
rNeg    . . .        c - +0 robe
rPois   .            (no helmet)
rElec   .            (no cloak)
rCorr   .            (no gloves)
SInv    .            (no boots)
Will    .....        (no amulet)
Stlth   +            (no ring)
HPRegen 0.22/turn    (no ring)
MPRegen 0.08/turn

%: no passive effects
@: no status effects
A: no striking features
a: no special abilities


You were on level 1 of the Dungeon.
You visited 1 branch of the dungeon, and saw 1 of its levels.

You collected 8 gold pieces.

Inventory:

Hand Weapons
 a - a +1 sling (weapon)
Armour
 c - a +0 robe (worn)
Scrolls
 b - a scroll of poison


   Skills:
 - Level 1.0 Fighting
 + Level 1.9 Ranged Weapons
 - Level 1.7 Dodging
 - Level 1.0 Spellcasting
 - Level 3.0 Hexes


You had one spell level left.
You knew the following spells:

 Your Spells              Type           Power      Damage    Failure   Level
a - Slow                  Hex            36%        N/A       8%          1

Your spell library contained the following spells:

 Spells                   Type           Power      Damage    Failure   Level
 Inner Flame              Hex/Fire       4%         N/A       38%         3
 Portal Projectile        Hex/Tloc       8%         N/A       38%         3
 Cause Fear               Hex            4%         N/A       58%         4


Dungeon Overview and Level Annotations

Branches:
Dungeon (1/15)

Altars:


Message History

A quokka comes into view.
Found 8 gold pieces.
A quokka is nearby!
A quokka is nearby!
You shoot a sling bullet.
The sling bullet closely misses the quokka.
The quokka barely misses you.
You shoot a sling bullet.
The sling bullet barely misses the quokka.
The quokka barely misses you. The quokka closely misses you.
You shoot a sling bullet.
The sling bullet closely misses the quokka.
The quokka bites you.
A dart slug comes into view.
The quokka bites you.
You shoot a sling bullet.
The sling bullet closely misses the quokka.
The sling bullet hits the dart slug.
The dart slug is heavily wounded.
The quokka closely misses you.
You shoot a sling bullet.
The sling bullet closely misses the quokka.
The sling bullet hits the dart slug.
The dart slug is severely wounded.
The quokka bites you. x2
You are too injured to fight recklessly!
You aren't carrying any potions.
Okay, then.
You shoot a sling bullet.
The sling bullet closely misses the quokka.
The sling bullet hits the dart slug but does no damage.
The dart slug is severely wounded.
The quokka bites you.
* * * LOW HITPOINT WARNING * * *
You shoot a sling bullet.
The sling bullet hits the quokka but does no damage.
The quokka bites you.
* * * LOW HITPOINT WARNING * * *
The quokka bites you.
You die...

#..$......# +.........+
......... ...w... ..... ...
#r# ####@#### #.......#
#.......# #.#.....#
#.......###
......†.....######.#
###.##.#...........#
#######################..#####
#p#H#x#V#T#9#p#f#K#m#O##.#


You could see a dart slug and a quokka.

Vanquished Creatures
  A hobgoblin (D:1)
1 creature vanquished.

Notes
Turn   | Place    | Note
-------+----------+-------------------------------------------
     0 | D:1      | Alarkh the Demonspawn Hexslinger began the quest for the
                  | Orb.
     0 | D:1      | Reached XP level 1. HP: 15/15 MP: 2/2
     2 | D:1      | Noticed a draconian
     4 | D:1      | Noticed a felid
     6 | D:1      | Noticed a human
     6 | D:1      | Noticed a demonspawn
     8 | D:1      | Noticed a minotaur
     8 | D:1      | Noticed a tengu
    10 | D:1      | Noticed an octopode
    10 | D:1      | Noticed an ogre
    12 | D:1      | Noticed a vampire
    12 | D:1      | Noticed a spriggan
    14 | D:1      | Noticed a troll
    14 | D:1      | Noticed a formicid
    16 | D:1      | Noticed a gargoyle
    16 | D:1      | Noticed a ghoul
    18 | D:1      | Noticed a meteoran
    18 | D:1      | Noticed an armataur
    20 | D:1      | Noticed a vine stalker
    20 | D:1      | Noticed an elf
    22 | D:1      | Noticed a naga
    24 | D:1      | Noticed a merfolk
    24 | D:1      | Noticed an armataur
    26 | D:1      | Noticed an ogre
    26 | D:1      | Noticed a felid
    56 | D:1      | Slain by a quokka

Illustrated notes

Levels and vault maps discovered:
D:1:      kb_arrival_jail, layout_loops_corners, minmay_gold_behind_fungi

Action                     || total
---------------------------++-------
   Fire: Sling             ||     9
  Dodge: Dodged            ||     4
